General information
- name: BNet
- type: Ladder team game (AT/RT)
- host: Battle.net
- saver: DORMANT.WATER
map: Battleground
- players: 8
- length: 51:00
- speed: Fast
- version: 1.26 W3XP
- replay type: Public
» download(249 KB)
Players
team 1 (loser)

»
Chiblet (
blue | 80 APM | 1494 actions | 18:39)
4 Blademaster
2 Wind Walk
2 Critical Strike
3 Shadow Hunter
2 Healing Wave
1 Hex
» actions
| Assign group hotkey | 14 | |
| Basic commands | 20 | |
| Build / train | 75 | |
| Enter build submenu | 15 | |
| Enter hero's abilities submenu | 7 | |
| Give item / drop item | 2 | |
| Right click | 871 | |
| Select / deselect | 312 | |
| Select group hotkey | 106 | |
| Use ability | 72 | |
1494 total
» units
| Peon | 7 | |
| Grunt | 6 | |
| Forest Troll Shadow Priest | 1 | |
| Raider | 16 | |
30 total
» upgrades
| Melee Weapons | 3 | |
| Armor | 3 | |
| Spiked Barricades | 1 | |
| Ensnare | 1 | |
| Berserker Strength | 1 | |
| Pillage | 1 | |
10 total
» buildings
| Altar of Storms | 1 | |
| Orc Burrow | 6 | |
| Voodoo Lounge | 1 | |
| Barracks | 2 | |
| War Mill | 1 | |
| Stronghold | 2 | |
| Beastiary | 2 | |
| Fortress | 2 | |
| Blacksmith | 1 | |
18 total
» build order
00:08 Altar of Storms
00:22 Orc Burrow
00:47 Voodoo Lounge
01:24 Orc Burrow
01:54 Barracks
01:56 Barracks
02:01 War Mill
02:42 Orc Burrow
02:43 Orc Burrow
04:53 Stronghold
04:53 Stronghold
06:16 Orc Burrow
06:16 Orc Burrow
07:14 Beastiary
07:15 Beastiary
11:00 Fortress
11:00 Fortress
17:58 Blacksmith
» items
| Healing Salve | 1 | |
| Boots of Speed | 1 | |
| Scroll of Town Portal | 2 | |
| Potion of Healing | 2 | |
| Potion of Mana | 1 | |
| Scroll of Healing | 1 | |
| Orb of Lightning | 1 | |
9 total

»
jib69 (
green | 34 APM | 1709 actions | 50:34)
3 Dreadlord
2 Vampiric Aura
1 Sleep
3 Crypt Lord
2 Carrion Beetles
1 Impale
4 Archmage
1 Summon Water Elemental
1 Mass Teleport
1 Brilliance Aura
1 Blizzard
4 Shadow Hunter
2 Hex
1 Healing Wave
1 Big Bad Voodoo
» actions
| Basic commands | 147 | |
| Build / train | 132 | |
| Enter build submenu | 33 | |
| Enter hero's abilities submenu | 14 | |
| Give item / drop item | 1 | |
| Remove unit from queue | 8 | |
| Right click | 549 | |
| Select / deselect | 701 | |
| Use ability | 124 | |
1709 total
» units
| Acolyte | 3 | |
| Ghoul | 4 | |
| Necromancer | 10 | |
| Meatwagon | 2 | |
| Obsidian Statue | 2 | |
| Troll Batrider | 19 | |
| Dragonhawk Rider | 10 | |
| Siege Engine | 8 | |
| Mortar Team | 4 | |
| Raider | 12 | |
| Peon | 3 | |
| Grunt | 1 | |
| Gryphon Rider | 2 | |
80 total
» upgrades
| Unholy Strength | 3 | |
| Unholy Armor | 2 | |
| Necromancer Training | 2 | |
| Skeletal Longevity | 1 | |
| Exhume Corpses | 1 | |
| Skeletal Mastery | 1 | |
| Swords | 2 | |
| Plating | 2 | |
| Gunpowder | 3 | |
| Ranged Weapons | 1 | |
| Barrage | 1 | |
| Fragmentation Shards | 1 | |
| Cloud | 1 | |
21 total
» buildings
| Crypt | 2 | |
| Ziggurat | 6 | |
| Halls of the Dead | 1 | |
| Graveyard | 1 | |
| Altar of Darkness | 1 | |
| Black Citadel | 1 | |
| Temple of the Damned | 2 | |
| Slaughterhouse | 1 | |
| Tomb of Relics | 1 | |
| Blacksmith | 2 | |
| Arcane Vault | 1 | |
| Workshop | 3 | |
| Farm | 3 | |
| Great Hall | 2 | |
| Watch Tower | 1 | |
28 total
» build order
03:24 Crypt
03:27 Crypt
03:31 Ziggurat
03:34 Halls of the Dead
03:42 Graveyard
04:10 Ziggurat
04:59 Altar of Darkness
05:16 Ziggurat
06:01 Black Citadel
06:08 Temple of the Damned
06:20 Temple of the Damned
06:46 Slaughterhouse
07:32 Ziggurat
08:37 Tomb of Relics
10:32 Ziggurat
11:07 Ziggurat
18:14 Blacksmith
18:19 Blacksmith
18:29 Arcane Vault
19:35 Workshop
19:43 Workshop
19:50 Workshop
19:54 Farm
21:07 Farm
22:13 Farm
29:00 Great Hall
32:38 Watch Tower
37:42 Great Hall
» items
Tarsk (
red | 42 APM | 744 actions | 17:43)
4 Archmage
2 Summon Water Elemental
2 Brilliance Aura
1 Paladin
1 Holy Light
1 Mountain King
1 Storm Bolt
» actions
| Assign group hotkey | 25 | |
| Basic commands | 4 | |
| Build / train | 42 | |
| Enter build submenu | 23 | |
| Enter hero's abilities submenu | 6 | |
| Right click | 313 | |
| Select / deselect | 239 | |
| Select group hotkey | 35 | |
| Use ability | 56 | |
744 total
» units
| Peasant | 9 | |
| Footman | 5 | |
| Gryphon Rider | 7 | |
21 total
» upgrades
| Lumber Harvesting | 1 | |
| Storm Hammers | 1 | |
2 total
» buildings
| Altar of Kings | 1 | |
| Farm | 10 | |
| Barracks | 1 | |
| Scout Tower | 7 | |
| Arcane Tower | 1 | |
| Lumber Mill | 1 | |
| Keep | 2 | |
| Guard Tower | 6 | |
| Castle | 1 | |
| Gryphon Aviary | 2 | |
32 total
» build order
00:13 Altar of Kings
00:16 Farm
00:35 Barracks
00:57 Farm
01:36 Farm
01:40 Scout Tower
02:12 Arcane Tower
02:20 Farm
02:46 Lumber Mill
03:00 Farm
03:37 Keep
03:37 Keep
03:46 Farm
03:54 Scout Tower
04:24 Guard Tower
04:27 Scout Tower
04:31 Farm
04:57 Guard Tower
05:00 Scout Tower
05:28 Farm
05:31 Scout Tower
05:32 Guard Tower
05:58 Castle
06:00 Guard Tower
06:04 Scout Tower
06:07 Gryphon Aviary
06:48 Gryphon Aviary
06:50 Guard Tower
07:57 Scout Tower
09:16 Guard Tower
10:59 Farm
13:44 Farm

»
gonnabead1ck (
purple | 72 APM | 1510 actions | 21:00)
5 Pandaren Brewmaster
3 Breath of Fire
2 Drunken Brawler
» actions
| Assign group hotkey | 28 | |
| Basic commands | 8 | |
| Build / train | 70 | |
| Enter build submenu | 13 | |
| Enter hero's abilities submenu | 5 | |
| Give item / drop item | 7 | |
| Right click | 727 | |
| Select / deselect | 257 | |
| Select group hotkey | 336 | |
| Use ability | 59 | |
1510 total
» units
» upgrades
| Strength of the Wild | 3 | |
| Ultravision | 1 | |
| Reinforced Hides | 1 | |
5 total
» buildings
| Ancient of War | 2 | |
| Altar of Elders | 1 | |
| Moon Well | 6 | |
| Tree of Ages | 3 | |
| Hunter's Hall | 1 | |
| Ancient of Wind | 2 | |
| Ancient of Wonders | 1 | |
| Tree of Eternity | 1 | |
17 total
» build order
00:47 Ancient of War
00:51 Ancient of War
00:55 Altar of Elders
01:28 Moon Well
02:11 Moon Well
03:15 Tree of Ages
03:16 Tree of Ages
03:23 Moon Well
03:43 Hunter's Hall
04:24 Moon Well
05:39 Ancient of Wind
05:41 Ancient of Wind
06:03 Ancient of Wonders
08:26 Moon Well
09:35 Tree of Eternity
10:16 Moon Well
» items
| Boots of Speed | 1 | |
| Periapt of Vitality | 1 | |
| Orb of Corruption | 1 | |
| Scroll of Town Portal | 1 | |
4 total
team 2 (winner)
AgentSmith (
pink | 60 APM | 1545 actions | 25:49)
8 Warden
3 Shadow Strike
3 Blink
1 Spirit of Vengeance
1 Fan of Knives
» actions
| Assign group hotkey | 45 | |
| Basic commands | 91 | |
| Build / train | 97 | |
| ESC pressed | 8 | |
| Enter build submenu | 16 | |
| Enter hero's abilities submenu | 8 | |
| Give item / drop item | 2 | |
| Remove unit from queue | 11 | |
| Right click | 439 | |
| Select / deselect | 316 | |
| Select group hotkey | 422 | |
| Use ability | 90 | |
1545 total
» units
| Wisp | 14 | |
| Archer | 19 | |
| Druid of the Talon | 7 | |
| Dryad | 5 | |
| Hippogryph | 10 | |
55 total
» upgrades
| Ultravision | 1 | |
| Strength of the Moon | 3 | |
| Moon Armor | 3 | |
| Improved Bows | 1 | |
| Strength of the Wild | 3 | |
| Druid of the Talon Training | 2 | |
| Abolish Magic | 1 | |
| Reinforced Hides | 3 | |
| Marksmanship | 1 | |
| Well Spring | 1 | |
| Mark of the Talon | 1 | |
20 total
» buildings
| Moon Well | 7 | |
| Altar of Elders | 1 | |
| Ancient of War | 1 | |
| Hunter's Hall | 1 | |
| Ancient of Wonders | 1 | |
| Tree of Ages | 1 | |
| Ancient of Wind | 3 | |
| Ancient of Lore | 1 | |
| Tree of Eternity | 1 | |
17 total
» build order
00:19 Moon Well
00:32 Altar of Elders
01:14 Ancient of War
01:27 Moon Well
02:06 Hunter's Hall
02:14 Ancient of Wonders
03:06 Tree of Ages
04:15 Moon Well
04:48 Moon Well
05:38 Ancient of Wind
05:44 Ancient of Lore
08:10 Tree of Eternity
10:43 Moon Well
10:45 Moon Well
10:52 Moon Well
22:10 Ancient of Wind
22:12 Ancient of Wind
novaschin (
yellow | 25 APM | 1254 actions | 50:34)
6 Paladin
2 Holy Light
1 Divine Shield
2 Devotion Aura
1 Resurrection
5 Archmage
3 Brilliance Aura
2 Summon Water Elemental
» actions
| Assign group hotkey | 15 | |
| Basic commands | 21 | |
| Build / train | 74 | |
| Enter build submenu | 46 | |
| Enter hero's abilities submenu | 12 | |
| Give item / drop item | 1 | |
| Remove unit from queue | 3 | |
| Right click | 451 | |
| Select / deselect | 346 | |
| Select group hotkey | 179 | |
| Use ability | 106 | |
1254 total
» units
| Peasant | 8 | |
| Footman | 7 | |
| Gryphon Rider | 11 | |
| Knight | 5 | |
| Priest | 2 | |
| Archer | 1 | |
| Wisp | 2 | |
36 total
» upgrades
| Defend | 1 | |
| Lumber Harvesting | 1 | |
| Storm Hammers | 1 | |
| Swords | 1 | |
| Armor | 1 | |
5 total
» buildings
| Farm | 9 | |
| Altar of Kings | 2 | |
| Barracks | 1 | |
| Scout Tower | 16 | |
| Lumber Mill | 2 | |
| Keep | 1 | |
| Arcane Vault | 1 | |
| Guard Tower | 10 | |
| Castle | 1 | |
| Gryphon Aviary | 2 | |
| Blacksmith | 1 | |
| Town Hall | 4 | |
| Arcane Sanctum | 1 | |
| Tree of Life | 2 | |
| Ancient of War | 3 | |
| Ancient Protector | 3 | |
59 total
» build order
00:06 Farm
00:08 Altar of Kings
00:32 Barracks
01:16 Farm
01:54 Scout Tower
02:04 Farm
02:29 Scout Tower
02:49 Lumber Mill
02:59 Keep
03:05 Farm
03:34 Arcane Vault
03:56 Scout Tower
03:57 Scout Tower
03:59 Guard Tower
04:46 Guard Tower
05:08 Farm
05:12 Scout Tower
05:13 Scout Tower
05:14 Scout Tower
05:50 Lumber Mill
06:06 Guard Tower
06:09 Guard Tower
06:55 Farm
07:13 Guard Tower
07:37 Scout Tower
07:37 Scout Tower
07:38 Scout Tower
07:38 Scout Tower
08:00 Castle
08:47 Gryphon Aviary
09:16 Guard Tower
09:19 Scout Tower
09:19 Scout Tower
10:01 Guard Tower
10:15 Gryphon Aviary
11:02 Guard Tower
11:06 Farm
12:43 Blacksmith
13:44 Town Hall
14:12 Arcane Sanctum
15:29 Farm
15:56 Town Hall
18:41 Town Hall
19:04 Scout Tower
20:45 Farm
20:47 Guard Tower
23:57 Scout Tower
24:16 Altar of Kings
24:21 Guard Tower
25:37 Town Hall
27:06 Tree of Life
30:53 Tree of Life
31:53 Ancient of War
32:25 Ancient Protector
32:31 Ancient of War
33:46 Ancient Protector
34:27 Ancient of War
34:33 Ancient Protector
» items
| Periapt of Vitality | 1 | |
| Orb of Corruption | 1 | |
| Potion of Healing | 1 | |
| Rod of Necromancy | 1 | |
4 total

»
General_Tso (
teal | 72 APM | 2163 actions | 30:08)
7 Death Knight
3 Death Coil
3 Unholy Aura
1 Animate Dead
5 Lich
3 Frost Nova
2 Frost Armor
» actions
| Assign group hotkey | 34 | |
| Basic commands | 84 | |
| Build / train | 70 | |
| Enter build submenu | 17 | |
| Enter hero's abilities submenu | 12 | |
| Remove unit from queue | 1 | |
| Right click | 978 | |
| Select / deselect | 457 | |
| Select group hotkey | 418 | |
| Use ability | 91 | |
2163 total
» units
| Acolyte | 6 | |
| Ghoul | 3 | |
| Crypt Fiend | 13 | |
| Obsidian Statue | 5 | |
| Frost Wyrm | 6 | |
| Gargoyle | 3 | |
36 total
» upgrades
| Creature Attack | 3 | |
| Web | 1 | |
| Creature Carapace | 2 | |
| Freezing Breath | 1 | |
7 total
» buildings
| Altar of Darkness | 1 | |
| Ziggurat | 9 | |
| Crypt | 1 | |
| Graveyard | 1 | |
| Nerubian Tower | 2 | |
| Tomb of Relics | 1 | |
| Spirit Tower | 3 | |
| Halls of the Dead | 1 | |
| Slaughterhouse | 1 | |
| Black Citadel | 1 | |
| Sacrificial Pit | 1 | |
| Boneyard | 1 | |
23 total
» build order
00:16 Altar of Darkness
00:19 Ziggurat
00:36 Crypt
01:00 Graveyard
01:13 Nerubian Tower
01:13 Nerubian Tower
01:31 Tomb of Relics
02:07 Ziggurat
03:13 Spirit Tower
04:02 Ziggurat
05:03 Halls of the Dead
05:35 Spirit Tower
06:18 Ziggurat
08:11 Spirit Tower
08:55 Slaughterhouse
09:33 Black Citadel
10:08 Ziggurat
10:54 Ziggurat
10:58 Ziggurat
11:02 Ziggurat
11:42 Sacrificial Pit
13:39 Boneyard
16:34 Ziggurat
» items
| Rod of Necromancy | 2 | |
| Scroll of Town Portal | 1 | |
3 total
DORMANT.WATER (
orange | 56 APM | 2879 actions | 51:00)
8 Tauren Chieftain
3 Shockwave
3 Endurance Aura
1 Reincarnation
1 War Stomp
» actions
| Assign group hotkey | 51 | |
| Basic commands | 128 | |
| Build / train | 81 | |
| Enter build submenu | 18 | |
| Enter hero's abilities submenu | 8 | |
| Give item / drop item | 11 | |
| Right click | 1183 | |
| Select / deselect | 320 | |
| Select group hotkey | 971 | |
| Use ability | 108 | |
2879 total
» units
| Peon | 15 | |
| Grunt | 4 | |
| Wind Rider | 17 | |
| Troll Batrider | 2 | |
38 total
» upgrades
| Ranged Weapons | 2 | |
| Armor | 3 | |
| Reinforced Defenses | 1 | |
| Envenomed Spears | 1 | |
| Melee Weapons | 1 | |
8 total
» buildings
| Altar of Storms | 1 | |
| Orc Burrow | 7 | |
| Barracks | 1 | |
| Voodoo Lounge | 1 | |
| Stronghold | 1 | |
| War Mill | 1 | |
| Beastiary | 3 | |
| Fortress | 1 | |
| Great Hall | 1 | |
| Watch Tower | 10 | |
27 total
» build order
00:07 Altar of Storms
00:18 Orc Burrow
00:37 Barracks
01:22 Orc Burrow
01:55 Voodoo Lounge
02:55 Stronghold
03:30 Orc Burrow
04:10 War Mill
04:36 Orc Burrow
05:27 Beastiary
05:30 Beastiary
07:58 Fortress
09:09 Great Hall
09:12 Watch Tower
09:12 Watch Tower
09:13 Watch Tower
09:14 Watch Tower
09:15 Watch Tower
09:16 Watch Tower
12:56 Watch Tower
15:15 Orc Burrow
15:15 Orc Burrow
15:16 Orc Burrow
16:55 Beastiary
18:11 Watch Tower
18:11 Watch Tower
18:12 Watch Tower
» items
| Healing Salve | 6 | |
| Staff of Teleportation | 1 | |
| Potion of Healing | 4 | |
| Orb of Lightning | 1 | |
| Scroll of Town Portal | 2 | |
| Tiny Great Hall | 1 | |
| Potion of Lesser Invulnerability | 2 | |
| Potion of Invisibility | 2 | |
19 total
Chat log
(08:20 / Allies) General_Tso: wait
(08:22 / Allies) General_Tso: for my lich
(08:34 / Allies) General_Tso: nvm
(11:25 / Allies) DORMANT.WATER: wood
(13:14 / Allies) novaschin: kill the necros
(15:39 / All) DORMANT.WATER: good job moron
(15:55 / All) gonnabead1ck: lol hero focus noobs
(16:11 / All) DORMANT.WATER: its a good tactic against 40% players such as urself
(16:24 / All) gonnabead1ck: Looooooooool newbie
(16:35 / All) DORMANT.WATER: im the only person who knows what high ell is in this game
(16:40 / All) gonnabead1ck: blue's raiders will fucking rape you
(17:04 / All) gonnabead1ck: red is massing griff to counter your mass aa
(17:07 / All) gonnabead1ck: you got shit
(17:15 / All) Tarsk: lol fuck you purp
(17:54 / All) DORMANT.WATER: leave purple
(17:56 / All) DORMANT.WATER: u are an embarassment
(17:57 / All) DORMANT.WATER: to me
(18:56 / Allies) General_Tso: gold?
(22:09 / Allies) novaschin: suck my ball orange
(25:15 / Allies) General_Tso: THATS WHY u dont kill teamates orange
(25:21 / All) jib69: lol
(25:42 / All) DORMANT.WATER: they are out of gold green
(25:44 / All) DORMANT.WATER: u got this win
(26:01 / All) DORMANT.WATER: kill red
(26:13 / All) DORMANT.WATER: ill kill teal he is comign
(26:35 / All) novaschin: kill the orange plz red
(26:47 / All) DORMANT.WATER: MOVE REDS TANKS
(26:48 / All) DORMANT.WATER: GREEN
(27:34 / Allies) General_Tso: wow fuckin stop u cunt
(27:40 / All) DORMANT.WATER: U GOT the win green
(27:43 / All) DORMANT.WATER: they are dead pretty much
(28:29 / All) DORMANT.WATER: im finishing yellow nad teal now
(29:04 / Allies) novaschin: lets go teal
(29:07 / All) DORMANT.WATER: are u out of gold green i can drop u a tiny hall
(29:15 / All) jib69: kk
(30:00 / All) DORMANT.WATER: ok
(30:03 / All) General_Tso: orange is a fucking noob
(30:03 / All) DORMANT.WATER: it'll be at pinks base
(30:34 / Allies) novaschin: fuck you orange give your ass to green
(30:46 / All) DORMANT.WATER: i watn an apology yellow
(30:57 / Allies) novaschin: you want a cock
(31:24 / All) DORMANT.WATER: ther eis ur item
(31:29 / All) jib69: thanks
(31:40 / All) DORMANT.WATER: now to finish off teal and yellow
(32:53 / Allies) novaschin: why you suck my dick?
(33:10 / All) DORMANT.WATER: i dont appreciate that tone yellow
(33:25 / All) novaschin: of course you apreciate
(33:26 / All) DORMANT.WATER: i am elite, you are a peasant samurai
(33:36 / All) novaschin: you are gay
(33:55 / All) novaschin: and idiot
(34:03 / All) DORMANT.WATER: yellow, those are fighting words
(34:06 / All) DORMANT.WATER: ur pally vs my tc
(34:08 / All) DORMANT.WATER: what do ya say
(34:10 / All) novaschin: fuck you
(35:01 / All) DORMANT.WATER: red can u attack me last, i will kill my base once yellow is dead
(35:02 / All) DORMANT.WATER: ok?
(35:05 / All) DORMANT.WATER: i mean green
(35:11 / All) jib69: ok
(35:16 / All) DORMANT.WATER: u are quite the trooper
(35:23 / All) jib69: lol
(35:35 / All) DORMANT.WATER: im letting yellow think he has hope
(35:37 / All) DORMANT.WATER: he knows it is folly
(36:21 / All) DORMANT.WATER: yellow is attacking me lawl
(36:35 / All) novaschin: fuck you gay
(36:45 / All) DORMANT.WATER: i got lvl 3 aura u cant catch me
(36:49 / All) novaschin: dont run
(37:06 / All) novaschin: run bitch
(37:38 / Allies) novaschin: dont run gay
(38:21 / All) novaschin: thas right run you fragort
(38:28 / All) DORMANT.WATER: lawlz
(38:36 / All) novaschin: fuck yourelf
(38:41 / Allies) novaschin: yoursef
(38:53 / All) DORMANT.WATER: green, do you advocate yellow's feelings
(38:55 / All) DORMANT.WATER: he is a rude one
(38:56 / All) DORMANT.WATER: aint he
(39:14 / All) novaschin: rude is my dick idiot
(39:25 / All) novaschin: fuck nerd gay
(39:28 / All) DORMANT.WATER: lawl
(39:49 / All) novaschin: lawl is your mother
(40:01 / All) DORMANT.WATER: yellow why are you so mean
(40:03 / Allies) novaschin: thats the law fuck your mother
(40:03 / All) DORMANT.WATER: we are friends
(40:53 / All) novaschin: are you suck his dick now or later?
(41:02 / All) DORMANT.WATER: earlier i did
(41:09 / All) DORMANT.WATER: we are step brothers
(41:11 / All) DORMANT.WATER: of love
(41:36 / All) novaschin: i am step of your mother
(41:44 / All) DORMANT.WATER: which hero do u want to have cloak green
(41:54 / All) jib69: idc
(42:05 / All) DORMANT.WATER: archmage it is
(42:25 / All) DORMANT.WATER: cloak on ground south of ur archmage
(43:31 / All) DORMANT.WATER: not good yellow
(43:33 / All) DORMANT.WATER: not good
(43:47 / All) novaschin: orange go to hell and suck my dick
(43:54 / Allies) novaschin: you fuck nerd
(43:56 / All) DORMANT.WATER: green earned the victory
(43:57 / All) jib69: yummy
(44:03 / All) DORMANT.WATER: green is a professional
(44:04 / All) jib69: how could u guys not kill just him?
(44:07 / All) novaschin: fuck nerd gay
(44:13 / All) DORMANT.WATER: they were out of gold and i had expo
(44:17 / All) novaschin: plz die now orange
(44:18 / All) jib69: i think you did deserve to lose
(44:34 / All) DORMANT.WATER: feel freee to kill my expo then main base
(44:40 / All) DORMANT.WATER: yellow is giving me pleasure
(44:40 / Allies) novaschin: kill the orange now i will be wait
(44:58 / All) DORMANT.WATER: can is ee voodoo plz
(45:00 / All) novaschin: die orange its so nice
(45:01 / All) jib69: gg oj
(45:08 / All) DORMANT.WATER: vood oo!
(45:25 / All) novaschin: die orange its so cool its the lawl
(45:34 / All) jib69: ya u suck
(45:37 / All) DORMANT.WATER: yellow do not disrespect me
(45:48 / All) novaschin: die plz
(45:54 / All) jib69: gg oj
(45:55 / All) novaschin: i be wait
(45:59 / All) jib69: wish i could share win
(46:08 / All) DORMANT.WATER: it always gives me joy when i do this and players on my team think i want the win
(46:09 / All) novaschin: share your mother
(46:18 / All) DORMANT.WATER: im on a new account
(46:20 / All) jib69: shes dead sicko
(46:27 / All) novaschin: where yours units green?
(46:34 / All) novaschin: i killed
(46:37 / All) jib69: hiding
(46:43 / All) novaschin: in your ass
(46:51 / All) novaschin: die orange
(47:10 / All) novaschin: thats it its so cool is the lawl
(47:11 / All) jib69: orange want me to stop for a while?
(47:13 / All) novaschin: huauhauhauh
(47:23 / All) DORMANT.WATER: there is still one building left at yellows base lets play with him
(47:24 / All) jib69: lawl
(47:28 / All) DORMANT.WATER: finish my main
(48:01 / All) novaschin: its nice kill the orange its the lawl
(48:03 / All) DORMANT.WATER: u are safe
(48:28 / All) novaschin: die kill the orange plz red
(48:41 / All) jib69: red not her
(48:49 / All) novaschin: its the lawl
(49:12 / All) novaschin: the hero orange
(49:25 / All) jib69: no
(49:27 / All) DORMANT.WATER: i know i played him before
(49:29 / All) novaschin: is in the base
(49:30 / All) DORMANT.WATER: and u too
(49:46 / All) novaschin: kill the hero
(49:52 / All) novaschin: in center
(50:07 / All) DORMANT.WATER: any last words yellow
(50:19 / All) novaschin: fuck you and your mother need
(50:22 / Allies) novaschin: nerd
(50:28 / Allies) novaschin: crazy